 Dungeon Crawl Stone Soup version 0.27.1-34-g3ba077fa99 (webtiles) character file.

Game seed: 7701317517001805629

52 mcbry74 the Twirler (level 3, -2/36 HPs)
             Began as an Ogre Gladiator on Jan 26, 2022.
             Was an Initiate of Okawaru.
             Slain by Jessica (13 damage)
             ... on level 3 of the Dungeon.
             The game lasted 00:07:13 (2142 turns).

mcbry74 the Twirler (Ogre Gladiator)                Turns: 2142, Time: 00:07:14

Health: -2/36      AC:  3    Str: 18    XL:     3   Next: 85%
Magic:  3/3        EV: 10    Int: 10    God:    Okawaru [......]
Gold:   156        SH:  0    Dex: 10    Spells: 2/2 levels left

rFire    . . .     SeeInvis .   a - +0 quarterstaff
rCold    . . .     Faith    .   (shield currently unavailable)
rNeg     + . .     Spirit   .   b - +0 robe
rPois    .         Reflect  .   c - +0 hat
rElec    .         Harm     .   (no cloak)
rCorr    .         Rampage  .   (gloves unavailable)
Will     .....                  (boots unavailable)
Stlth    +.........             (no amulet)
HPRegen  0.12/turn              l - ring of positive energy
MPRegen  0.08/turn              (no ring)

@: no status effects
A: large, unfitting armour, tough skin 1
a: Renounce Religion


You were on level 3 of the Dungeon.
You worshipped Okawaru.
Okawaru was noncommittal.
You visited 1 branch of the dungeon, and saw 3 of its levels.

You collected 166 gold pieces.
You spent 10 gold pieces at shops.

Inventory:

Hand Weapons
 a - a +0 quarterstaff (weapon)
Missiles
 d - 3 throwing nets
 i - 60 stones
 j - 15 poisoned darts (quivered)
Armour
 b - a +0 robe (worn)
 c - a +0 hat (worn)
Magical Staves
 k - a staff of conjuration
Jewellery
 l - a ring of positive energy (left hand)
Scrolls
 e - 2 scrolls of teleportation {unknown}
Potions
 f - a potion of curing {unknown}
 g - a potion of magic {unknown}
 h - a potion of berserk rage {unknown}
 m - a potion of heal wounds {unknown}


   Skills:
 - Level 2.6 Fighting
 + Level 2.2(3.4) Polearms
 + Level 3.9(4.2) Staves
 - Level 2.0 Throwing
 - Level 2.6 Dodging


You had 2 spell levels left.
You didn't know any spells.
Your spell library contained the following spells:

 Spells                   Type           Power      Damage    Failure   Level
 Dazzling Flash           Conj/Hex       0%         N/A       75%         3
 Agony                    Necr           0%         N/A       100%        5
 Silence                  Hex/Air        0%         N/A       100%        5


Dungeon Overview and Level Annotations

Branches:
Dungeon (3/15)

Altars:
Okawaru

Shops:
D:2 [!

Annotations:
D:3 Jessica


Innate Abilities, Weirdness & Mutations

You are too large for most types of armour.
You have tough skin. (AC +1)


Message History

You closely miss the rat. The rat bites you but does no damage.
Jessica mumbles some strange words.
Jessica seems to speed up.
You sock the rat!
You kill the rat!
Okawaru accepts your kill.
You closely miss Jessica.
Jessica hits you with a +6 dagger of protection! x2
You hit Jessica but do no damage. Jessica barely misses you.
Jessica closely misses you.
You hit Jessica.
Jessica is lightly wounded.
Jessica hits you with a +6 dagger of protection!
You hit Jessica.
Jessica is moderately wounded.
Jessica mumbles some strange words.
Jessica blinks!
You start resting.
Jessica is nearby!
Throw: 18 darts (poison)
Press: ? - help, Q - select action, (/) - cycle Shift-Dir - straight line, f - Jessica
Aim: Jessica, wielding a +6 dagger of protection and wearing a +0 robe (moderately wounded, fast, 57% to hit)
You throw a poisoned dart.
The poisoned dart closely misses Jessica.
Jessica looks very angry.
Jessica points at you and mumbles some strange words.
Pain shoots through your body!
Throw: 17 darts (poison)
Press: ? - help, Q - select action, (/) - cycle Shift-Dir - straight line, f/p - Jessica
Aim: Jessica, wielding a +6 dagger of protection and wearing a +0 robe (moderately wounded, fast, 57% to hit)
You throw a poisoned dart. The poisoned dart hits Jessica.
Jessica is poisoned.
Jessica is moderately wounded.
Throw: 16 darts (poison)
Press: ? - help, Q - select action, (/) - cycle Shift-Dir - straight line, f/p - Jessica
Aim: Jessica, wielding a +6 dagger of protection and wearing a +0 robe (moderately wounded, fast, poisoned, 57% to hit)
You throw a poisoned dart. The poisoned dart hits Jessica.
Jessica looks even sicker.
Jessica is moderately wounded.
Jessica hits you with a +6 dagger of protection!
You die...

#.## #### .....# #..#
#.. .....# ...# #.#
.....# #..# ######.#
....(# #..# #......#
.....# #..# #......#
.(...#
#..###......######(....#
#....'.....>....@@.....#
#..###.....#############
#..# #.....# ##.#
#.....# #.# ####### #.#
#.####### #........
#.#######


You could see Jessica (fast, very poisoned).

Vanquished Creatures
  An adder (D:2)
  A worm (D:3)
  A dart slug (D:1)
  4 ball pythons (D:1)
  7 endoplasms
  3 giant cockroaches
  4 goblins
  A hobgoblin (D:2)
  2 bats
  3 frilled lizards (D:2)
  4 kobolds
  3 rats
34 creatures vanquished.

Notes
Turn   | Place    | Note
-------+----------+-------------------------------------------
     0 | D:1      | mcbry74 the Ogre Gladiator began the quest for the Orb.
     0 | D:1      | Reached XP level 1. HP: 22/22 MP: 1/1
   459 | D:1      | Reached skill level 1 in Polearms
   459 | D:1      | Reached XP level 2. HP: 29/29 MP: 2/2
  1154 | D:2      | Found Jenam's Distillery.
  1164 | D:2      | Bought a potion of degeneration for 10 gold pieces
  1188 | D:2      | Found Vorgh's Armour Boutique.
  1193 | D:2      | Reached XP level 3. HP: 32/36 MP: 3/3
  1543 | D:2      | Found an iron altar of Okawaru.
  1550 | D:2      | Became a worshipper of Warmaster Okawaru
  2122 | D:3      | Noticed Jessica
  2142 | D:3      | Slain by Jessica

Illustrated notes

Levels and vault maps discovered:
D:1:      erik_arrival_blinker_ship, layout_loops_ring, serial_rivers,
          chequers_serial_rivers_micro_c, chequers_serial_rivers_small_3,
          chequers_serial_rivers_small_b, chequers_serial_rivers_micro_c,
          chequers_serial_rivers_micro_d, chequers_serial_rivers_large_b,
          minmay_misc_feat_hallway
D:2:      layout_rooms, basic_altar, serial_shops, shop, shop_fountains,
          kennysheep_generic_room_16
D:3:      layout_basic, uniq_jessica, uniq_crazy_yiuf_cottage

Skill      XL: |  1  2  3 |
---------------+----------+-----
Polearms       | 1 2 |  2.2
Fighting       | |  2.6
Staves         | |  3.9
Throwing       | |  2.0
Dodging        | |  2.6

Action                   || total
-------------------------++-------
Melee: Quarterstaff      ||    96
Throw: Dart              ||    21
Armor: Robe              ||    34
Dodge: Dodged            ||    42
